Map: 윈터스 게이트 - 래더

Players

Clem

  • Race: Terran Terran
  • League: Master
  • Spawn Location: 11:00

llllllllllll (Trap) - Winner!

  • Race: Protoss Protoss
  • League: Master
  • Spawn Location: 5:00

Event: HomeStory Cup XX

VOD

Have the link to the VOD?

Description

Time

  • Played on: Nov. 23, 2019, 2:04 p.m.
  • Length: 7:44

All games in this series

Show
View Real Time Build Order
Export as new Build Order

Clem Terran 

Build Orders: Reaper Expand 

Get SALT Encoding   

  12  0:00  SCV  
  13  0:12  SCV  
  14  0:17  Supply Depot  
  14  0:25  SCV  
  15  0:38  SCV  
  15  0:39  Barracks  
  16  0:43  Refinery  
  16  0:50  SCV  
  17  1:02  SCV  
  18  1:15  SCV  
  19  1:26  Reaper  
  19  1:27  Orbital Command  
  20  1:41  Command Center  
  20  1:50  Supply Depot  
  20  1:52  SCV  
  21  1:58  Barracks Reactor  
  21  2:04  Bunker  
  21  2:05  SCV  
  22  2:12  Refinery  
  22  2:17  SCV  
  22  2:21  Factory  
  23  2:29  SCV  
  24  2:34  Marine x2  
  26  2:41  SCV  
  27  2:51  Marine  
  27  2:52  Marine  
  27  2:53  Orbital Command, SCV  
  30  3:05  SCV  
  31  3:07  Starport  
  31  3:08  Widow Mine  
  31  3:11  Marine  
  31  3:12  Marine  
  35  3:17  SCV  
  35  3:19  SCV  
  37  3:25  Barracks  
  37  3:29  Widow Mine, SCV  
  37  3:31  SCV  
  37  3:32  Marine x2  
  43  3:37  Supply Depot  
  43  3:43  SCV  
  43  3:44  Medivac  
  46  3:49  Barracks  
  46  3:53  SCV  
  46  3:55  Factory Tech Lab  
  46  3:58  SCV  
  46  3:59  Marine x2  
  48  4:05  SCV  
  48  4:06  Engineering Bay  
  48  4:08  Supply Depot  
  49  4:12  SCV  
  50  4:18  Refinery, SCV  
  50  4:22  Marine x2  
  53  4:25  Stimpack  
  53  4:28  Marine  
  53  4:29  Starport Reactor, Factory Reactor  
  54  4:32  Terran Infantry Weapons Level 1  
  54  4:33  SCV x2  
  56  4:43  Supply Depot  
  56  4:45  SCV  
  57  4:46  Barracks Tech Lab  
  57  4:48  Marauder, SCV  
  55  4:54  Marine x2  
  55  4:57  SCV  
  55  4:58  Supply Depot  
  56  5:08  Widow Mine x2, Medivac x2  
  56  5:10  SCV  
  56  5:11  SCV  
  66  5:15  Marauder  
  66  5:18  Marauder  
  70  5:23  Supply Depot  
  70  5:24  SCV x2  
  70  5:26  Marine x2  
  74  5:31  Widow Mine  
  74  5:34  Widow Mine  
  78  5:45  Combat Shield, SCV x2  
  78  5:47  Marauder  
  78  5:49  Missile Turret x2  
  82  5:53  Supply Depot  
  82  5:54  Marine x2  
  82  5:55  Medivac  
  86  6:01  Supply Depot  
  86  6:09  Concussive Shells  
  86  6:11  Refinery  
  86  6:14  Medivac, SCV x2  
  86  6:15  Widow Mine x2, Supply Depot  
  93  6:24  Marauder x2, Marine  
  98  6:26  Marine, SCV x2  
  100  6:40  Widow Mine x2  
  100  6:42  Marine  
  101  6:49  Marine  
  98  6:56  Command Center  
  98  7:01  Marauder x2  
  102  7:03  Widow Mine x2  
  102  7:06  Marine  
  106  7:10  Marine, Supply Depot  
  102  7:22  Marauder  
  105  7:25  Marine  
  105  7:29  Barracks  
  102  7:30  Barracks  
Show
View Real Time Build Order
Export as new Build Order

llllllllllll Protoss - Winner!

Build Orders: 1 Gate Expand, Oracle Opening 

Get SALT Encoding   

  12  0:00  Probe  
  13  0:12  Probe  
  14  0:17  Pylon  
  14  0:24  Probe  
  15  0:32  Probe  
  15  0:36  Gateway  
  15  0:40  Probe  
  16  0:45  Assimilator  
  17  0:50  Probe  
  18  1:03  Probe  
  19  1:15  Probe  
  20  1:22  Nexus  
  20  1:32  Cybernetics Core  
  20  1:35  Probe  
  21  1:42  Assimilator  
  22  1:47  Probe  
  22  1:52  Pylon  
  22  1:59  Probe  
  22  2:00  Adept  
  23  2:11  Warp Gate, Probe  
  26  2:23  Stalker, Probe  
  26  2:29  Stargate  
  27  2:30  Probe  
  27  2:35  Probe  
  31  2:38  Probe  
  32  2:47  Probe  
  32  2:48  Probe  
  34  2:52  Stalker  
  36  2:59  Probe  
  36  3:01  Probe  
  36  3:02  Oracle  
  38  3:11  Probe  
  42  3:13  Probe  
  42  3:19  Pylon  
  42  3:24  Probe  
  42  3:25  Probe  
  44  3:29  Oracle  
  44  3:36  Probe  
  44  3:37  Probe  
  49  3:43  Gateway  
  49  3:45  Gateway  
  49  3:49  Probe x2  
  51  4:01  Probe x2  
  51  4:03  Nexus  
  51  4:05  Pylon  
  51  4:09  Oracle  
  54  4:22  Assimilator x2  
  54  4:23  Probe x2  
  54  4:24  Pylon  
  56  4:26  Stalker  
  58  4:35  Probe x2  
  60  4:40  Forge  
  60  4:41  Twilight Council  
  60  4:47  Blink, Probe x2, Protoss Ground Weapons Level 1  
  60  4:52  Phoenix  
  64  4:54  Pylon  
  64  4:59  Probe x2  
  63  5:15  Gateway x2  
  63  5:17  Gateway  
  63  5:29  Gateway  
  63  5:30  Gateway  
  63  5:33  Sentry x2  
  63  5:34  Probe x3  
  70  5:37  Shield Battery  
  70  5:39  Pylon  
  70  5:45  Sentry  
  70  5:47  Probe x3  
  75  5:51  Pylon  
  75  5:58  Stalker x2  
  75  6:02  Pylon, Probe x3  
  82  6:09  Stalker x2, Photon Cannon  
  86  6:14  Stalker  
  88  6:20  Stalker  
  88  6:25  Stalker x2, Zealot  
  94  6:39  Stalker x3  
  92  6:43  Zealot x2  
  96  6:51  Probe  
  96  6:52  Probe x2  
  99  6:54  Zealot x3  
  99  6:59  Assimilator  
  99  7:00  Assimilator  
  101  7:04  Probe  
  101  7:05  Stalker  
  101  7:06  Zealot x3  
  106  7:09  Stalker  
  106  7:21  Stalker x3  
  98  7:41  Stalker  
  98  7:42  Stalker x3, Zealot  
Tags
 
Add a new tag
Caveats
  • Supply blocks, unpowered buildings, or Contaminate may cause inaccurate times.
  • Supply counts are checked every 10 seconds.